 Dungeon Crawl Stone Soup version 0.30-a0-782-ge64f9170bb (webtiles) character file.

Game seed: 5353219504931617119

186 Barriton the Firebug (level 5, -2/38 HPs)
             Began as a Draconian Fire Elementalist on Mar 10, 2023.
             Slain by a gnoll bouda
             ... wielding a +0 club
              (9 damage)
             ... on level 3 of the Dungeon.
             The game lasted 00:05:05 (3862 turns).

Barriton the Firebug (Draconian Fire Elementalist)  Turns: 3862, Time: 00:05:06

Health: -2/38      AC:  8    Str: 10    XL:     5   Next: 38%
Magic:  0/10       EV: 12    Int: 18    God:
Gold:   226        SH:  0    Dex: 11    Spells: 8/11 levels left

rFire   . . .      SeeInvis .    g - staff of conjuration
rCold   . . .      Faith    .    (no shield)
rNeg    . . .      Spirit   .    (body armour unavailable)
rPois   .          Reflect  .    (helmet restricted)
rElec   .          Harm     .    d - scarf {repulsion}
rCorr   .          Rampage  .    f - +1 pair of gloves
Will    .....                    l - +0 pair of boots
Stlth   ++                       (no amulet)
HPRegen 0.26/turn                (no ring)
MPRegen 0.12/turn                (no ring)

@: studying Ranged Weapons, repel missiles
A: AC +5, unfitting armour, cold-blooded
a: no special abilities


You were on level 3 of the Dungeon.
You visited 1 branch of the dungeon, and saw 4 of its levels.

You collected 226 gold pieces.

Inventory:

Armour
 d - a scarf of repulsion (worn)
 f - a +1 pair of gloves (worn)
 l - a +0 pair of boots (worn)
Magical Staves
 g - a staff of conjuration (weapon)
Jewellery
 b - an amulet of faith
 p - a ring of wizardry
Wands
 k - a wand of light (8)
Scrolls
 r - a scroll of poison
Potions
 a - a potion of magic
 c - a potion of brilliance {unknown}
 e - 2 potions of heal wounds
 h - 2 potions of lignification {unknown}
 i - a potion of haste {unknown}
 j - a potion of curing {unknown}
 m - a potion of might {unknown}
 n - a potion of degeneration {unknown}


   Skills:
 - Level 1.9 Dodging
 - Level 2.0 Stealth
 + Level 3.5 Spellcasting
 + Level 2.2 Conjurations
 + Level 4.4 Fire Magic


You had 8 spell levels left.
You knew the following spells:

 Your Spells              Type           Power      Damage    Failure   Level
a - Foxfire               Conj/Fire      88%        2x1d8     4%          1
b - Scorch                Fire           38%        2d7       3%          2

Your spell library contained the following spells:

 Spells                   Type           Power      Damage    Failure   Level
 Slow                     Hex            12%        N/A       16%         1
 Inner Flame              Hex/Fire       11%        N/A       19%         3
 Kindle Blastsparks       Fire/Tloc/Air  16%        2d11      26%         3
 Flame Wave               Conj/Fire      22%        2d8       36%         4
 Confusing Touch          Hex            3%         N/A       43%         3
 Vampiric Draining        Necr           3%         2d6       43%         3


Dungeon Overview and Level Annotations

Branches:
Dungeon (4/15)
 Temple: D:4-7

Altars:

Shops:
D:1 [   D:3 =


Innate Abilities, Weirdness & Mutations

Your plain brown scales are hard. (AC +5)
You cannot fit into any form of body armour.
You are cold-blooded and may be slowed by cold attacks.


Message History

The gnoll hits you from afar with a +0 halberd.
You hit the gnoll.
The gnoll is almost dead.
The gnoll barely misses you. The gnoll bouda barely misses you.
The gnoll closely misses you. The gnoll barely misses you.
You completely miss the gnoll. You tail-slap the gnoll.
You kill the gnoll!
The gnoll bouda hits you with a +0 club!
The gnoll hits you from afar with a +0 halberd.
The gnoll bouda attacks as you move away!
The gnoll bouda hits you with a +0 club.
The gnoll bouda attacks as you move away!
The gnoll bouda barely misses you.
There is a stone staircase leading up here.
The gnoll hits you from afar with a +0 halberd.
The gnoll bouda hits you with a +0 club.
The gnoll hits you from afar with a +0 spear.
You climb upwards.
Your attacks no longer feel as feeble.
There is a stone staircase leading down here.
You hit the gnoll bouda but do no damage.
You tail-slap the gnoll bouda.
The gnoll bouda is lightly wounded.
The gnoll bouda completely misses you.
The gnoll bouda hits you but does no damage.
You hit the gnoll bouda but do no damage.
You tail-slap the gnoll bouda, but do no damage.
The gnoll bouda is lightly wounded.
The gnoll bouda barely misses you.
You hit the gnoll bouda but do no damage.
The gnoll bouda is lightly wounded.
The gnoll bouda hits you with a +0 club!
* * * LOW HITPOINT WARNING * * *
Casting: Foxfire (safe; 4% risk of failure)
Confirm with . or Enter, or press ? or * to list all spells.
Flames lash the gnoll bouda.
The gnoll bouda is lightly wounded.
The gnoll bouda's fire resistance burns away.
The gnoll bouda hits you with a +0 club!
You die...

##.#######.....## ### #.#
#.# ##...## #.# #.# ##'##
##.# #.# #.# #..# #.# #.#
#.## #.#########.## #.#
#............## #.#
#########.....##########.#
#.....รท@g........#
###.############## ###


You could see a gnoll bouda (combustible).

Vanquished Creatures
  An ogre (D:3)
  3 gnolls (D:4)
  An adder (D:3)
  A dart slug (D:3)
  5 orcs (D:3)
  3 ball pythons
  6 bats
  6 endoplasms
  2 giant cockroaches
  4 goblins
  6 hobgoblins
  2 jackals (D:1)
  4 kobolds
  5 frilled lizards
  2 rats
51 creatures vanquished.

Vanquished Creatures (others)
  159 foxfires
159 creatures vanquished.

Grand Total: 210 creatures vanquished

Notes
Turn   | Place    | Note
-------+----------+-------------------------------------------
     0 | D:1      | Barriton the Draconian Fire Elementalist began the quest
                  | for the Orb.
     0 | D:1      | Reached XP level 1. HP: 14/14 MP: 3/3
   410 | D:1      | Reached XP level 2. HP: 20/20 MP: 0/5
   480 | D:1      | Found Dejeawiu's Armour Boutique.
   705 | D:1      | Found a faded altar of an unknown god.
  1442 | D:1      | Learned a level 2 spell: Scorch
  1886 | D:2      | Reached XP level 3. HP: 26/26 MP: 2/6
  2844 | D:3      | Found Fuxzica's Jewellery Emporium.
  3025 | D:3      | Noticed an ogre
  3033 | D:3      | Killed an ogre
  3034 | D:3      | Reached skill level 4 in Fire Magic
  3034 | D:3      | Reached XP level 4. HP: 33/33 MP: 0/8
  3137 | D:3      | Reached XP level 5. HP: 38/38 MP: 4/9
  3862 | D:3      | Slain by a gnoll bouda

Illustrated notes

Levels and vault maps discovered:
D:1:      heliophobic_arrival_enchanted_forest, layout_loops_corners,
          basic_ecumenical_altar, serial_shops, nicolae_shop_waterfront
D:2:      layout_loops_ring
D:3:      layout_loops_corners, serial_shops, shop, nicolae_figureground_pulse
D:4:      kennysheep_big_flooded_room, layout_rooms, zin_treasury, serial_shops,
          nicolae_shop_stone, uniq_blork_the_orc

Skill      XL: |  1  2  3 |
---------------+----------+-----
Stealth        | 2 |  2.0
Spellcasting   | 3 |  3.5
Conjurations   | 2 |  2.2
Fire Magic     | 4 |  4.4
Dodging        | |  1.9

Action                     |  1- 3 |  4- 6 || total
---------------------------+-------+-------++-------
  Melee: Staff             |     5 |     7 ||    12
         Tailslap          |     1 |     3 ||     4
   Cast: Foxfire           |    82 |    24 ||   106
         Scorch            |     5 |     7 ||    12
    Use: Scroll            |     3 |     3 ||     6
 Armour: Skin              |     4 |     1 ||     5
  Dodge: Dodged            |     7 |    12 ||    19

Table legend: (Time is in decaauts)
 A = Elapsed time spent in this place.
 B = Non-inter-level travel time spent in this place.
 C = Inter-level travel time spent in this place.
 D = Time resting spent in this place.
 E = Time spent auto-exploring this place.
 F = Levels seen in this place.
 G = Mean time per level.
                   A        B        C        D        E       F      G
               +--------+--------+--------+--------+--------+-----+--------+
         Total |   3863 |   3690 |    173 |      0 |   3335 |   4 |  965.8 |
       Dungeon |   3863 |   3690 |    173 |      0 |   3335 |   4 |  965.8 |
               +--------+--------+--------+--------+--------+-----+--------+

Top non-repeatable levels by time:
     D:1: 1493 daAuts
     D:3: 1454 daAuts
     D:2: 882 daAuts
     D:4: 32 daAuts
